 Dungeon Sprint DCSS version 0.30.1-9-gdf580d7c3d (webtiles) character file.

Game seed: 8522984366418148251

1200000 Heoruswealwe the Disciple of Destruction (level 11, -9/94 HPs)
             Began as a Demonspawn Gladiator on Sept 27, 2023.
             Was a Follower of Makhleb.
             Mangled by a meat berserker
             ... wielding a +9 battleaxe
              (76 damage)
             ... in the Dungeon (Sprint VIII: "Arena of Blood").
             The game lasted 00:02:06 (12 turns).

Heoruswealwe the Disciple of Destruction (DsGl)       Turns: 12, Time: 00:02:06

Health: -9/94      AC:  7    Str: 18    XL:     11   Next: 78%
Magic:  2/23       EV: 16    Int: 10    God:    Makhleb [*.....]
Gold:   0          SH:  4    Dex: 15    Spells: 27/27 levels left

rFire   . . .        l - +∞ Axe of Woe
rCold   . . .        (shield currently unavailable)
rNeg    . . .        b - +0 leather armour
rPois   .            c - +0 helmet
rElec   .            (no cloak)
rCorr   .            (no gloves)
SInv    .            (no boots)
Will    .....        (no amulet)
Stlth   +            (no ring)
HPRegen 0.35/turn    (no ring)
MPRegen 0.18/turn

%: no teleportation
@: hasted, very quick
A: rugged brown scales 2, condensation shield, demonic touch 2
a: Renounce Religion


You were in the Dungeon.
You worshipped Makhleb.
Makhleb was aware of your devotion.
You visited 1 branch

Inventory:

Hand Weapons
 a - a +0 war axe
 l - the +∞ Axe of Woe (weapon)
   (You found it in the Dungeon)
Missiles
 d - 3 throwing nets (quivered)
 e - a javelin
Armour
 b - a +0 leather armour (worn)
 c - a +0 helmet (worn)
Scrolls
 k - a scroll of blinking
Potions
 f - a potion of curing
 g - a potion of heal wounds
 i - 2 potions of magic
 j - a potion of berserk rage


   Skills:
 + Level 10.0 Fighting
 + Level 9.4 Axes
 - Level 1.7 Throwing
 + Level 8.9 Armour
 + Level 9.4 Dodging
 + Level 8.9 Spellcasting
 + Level 9.7 Conjurations
 + Level 9.7 Hexes
 + Level 9.7 Summonings
 + Level 12.5 Invocations
 + Level 9.7 Evocations


You had 27 spell levels left.
You didn't know any spells.
Your spell library was empty.

Dungeon Overview and Level Annotations

Branches:
Dungeon (1/1)

Altars:
Makhleb


Innate Abilities, Weirdness & Mutations

You are mostly covered in rugged brown scales. (AC +2, +5% HP)
A meltable shield of frost defends you. (SH +4)
Your touch may inflict irresistible damage on your foes.


Message History

A bag of meat comes into view. It is wielding a +9 war axe.
The bag of meat shouts!
You hear a shout!
A bag of meat comes into view. It is wielding a +9 war axe.
You hear a shout! x4
A bag of meat and a meat berserker come into view.
The bag of meat shouts!
You hear a shout! x9 2 bags of meat come into view.
The bag of meat shouts! x2; You hear a shout! x2
A bag of meat comes into view. It is wielding a +9 war axe. x3
You hear a shout! x7
The bag of meat shouts!
You slash the bag of meat!
You hew the bag of meat savagely.
You kill the bag of meat!
Makhleb accepts your kill.
You hear a shout! x2
The meat berserker rages.
You hear a shout! x3
A bag of meat comes into view. It is wielding a +9 war axe.
You hear a shout! x2; The bag of meat shouts!
Your Fighting skill gained 2 levels and is now at level 10!
Your Axes skill increases to level 9!
Your Armour skill increases to level 8!
Your Dodging skill increases to level 9!
Your Spellcasting skill increases to level 8!
Your Conjurations skill increases to level 9!
Your Hexes skill increases to level 9!
Your Summonings skill increases to level 9!
Your Invocations skill gained 2 levels and is now at level 12!
Your Evocations skill increases to level 9!
You have reached level 11!
You hit the meat berserker but do no damage.
You fatally mangle the meat berserker.
You kill the meat berserker!
Makhleb accepts your kill.
You can now gain health from killing.
You slash the bag of meat!
You fatally mangle the bag of meat.
You kill the bag of meat!
Makhleb accepts your kill.
You hear a shout! x4
The meat berserker hits you with a +9 battleaxe!!!!
Ouch! That really hurt!
You die...

......###........
......._.........
... #.....# .....
....#_.<._#......
....#..)..#......
......._.......o.
......###o.......
.###..)....###.o.
#..)@O..#
#...O...#
.......o.......
............o..
..............#
....oo.oo...##..
..#.....o.o#. ..
...........#..


You could see 2 meat berserkers and 9 bags of meat.

Vanquished Creatures
  An ogre (D)
  3 orcs (D)
4 creatures vanquished.

Notes
Turn   | Place    | Note
-------+----------+-------------------------------------------
     0 | D        | Found the +∞ Axe of Woe
     0 | D        | Heoruswealwe the Demonspawn Gladiator began the quest for
                  | the Orb.
     0 | D        | Reached XP level 1. HP: 16/16 MP: 1/1
     0 | D        | Noticed a bag of meat
     3 | D        | Killed a bag of meat
     3 | D        | Noticed a bag of meat
     3 | D        | Noticed a bag of meat
     4 | D        | Reached skill level 10 in Invocations
     4 | D        | Gained mutation: You are partially covered in rugged brown
                  | scales. (AC +1, +3% HP) [demonic ancestry]
     4 | D        | Reached XP level 2. HP: 26/33 MP: 1/10
     4 | D        | Gained mutation: A meltable shield of frost defends you.
                  | (SH +4) [demonic ancestry]
     4 | D        | Reached XP level 3. HP: 30/39 MP: 1/12
     4 | D        | Gained mutation: Your touch may inflict minor irresistible
                  | damage on your foes. [demonic ancestry]
     4 | D        | Reached XP level 4. HP: 36/46 MP: 1/13
     4 | D        | Reached XP level 5. HP: 40/52 MP: 1/15
     4 | D        | Reached XP level 6. HP: 45/58 MP: 1/16
     4 | D        | Gained mutation: You are mostly covered in rugged brown
                  | scales. (AC +2, +5% HP) [demonic ancestry]
     4 | D        | Reached XP level 7. HP: 45/66 MP: 1/18
     4 | D        | Reached XP level 8. HP: 49/72 MP: 1/19
     4 | D        | Gained mutation: Your touch may inflict irresistible damage
                  | on your foes. [demonic ancestry]
     4 | D        | Reached XP level 9. HP: 54/78 MP: 1/20
     4 | D        | Reached XP level 10. HP: 59/86 MP: 1/21
     4 | D        | Noticed a bag of meat
     4 | D        | Noticed a bag of meat
     5 | D        | Noticed a meat berserker
     6 | D        | Became a worshipper of Makhleb the Destroyer
     6 | D        | Noticed a meat berserker
     7 | D        | Noticed a bag of meat
     8 | D        | Noticed a bag of meat
     8 | D        | Noticed a bag of meat
     9 | D        | Noticed a bag of meat
     9 | D        | Noticed a meat berserker
    10 | D        | Noticed a bag of meat
    10 | D        | Noticed a bag of meat
    10 | D        | Noticed a bag of meat
    10 | D        | Noticed a bag of meat
    10 | D        | Noticed a bag of meat
    11 | D        | Killed a bag of meat
    11 | D        | Noticed a bag of meat
    12 | D        | Reached skill level 10 in Fighting
    12 | D        | Reached skill level 12 in Invocations
    12 | D        | Reached XP level 11. HP: 67/94 MP: 1/23
    12 | D        | Killed a meat berserker
    12 | D        | Reached * piety under Makhleb
    12 | D        | Killed a bag of meat
    12 | D        | Mangled by a meat berserker

Illustrated notes

Levels and vault maps discovered:
D:        meatsprint

Skill      XL: |  1  2  3  4  5  6  7  8  9 10 |
---------------+-------------------------------+-----
Fighting       | 8 10 | 10.0
Axes           | 8 9 |  9.4
Armour         | 7 8 |  8.9
Dodging        | 8 9 |  9.4
Spellcasting   | 7 8 |  8.9
Conjurations   | 8 9 |  9.7
Hexes          | 8 9 |  9.7
Summonings     | 8 9 |  9.7
Invocations    | 10 12 | 12.5
Evocations     | 8 9 |  9.7
Throwing       | |  1.7

Action                     |  1- 3 |  4- 6 |  7- 9 | 10-12 || total
---------------------------+-------+-------+-------+-------++-------
  Melee: Executioner's axe |     1 |       |       |     2 ||     3
    Use: Potion            |     1 |       |       |       ||     1
